 Dungeon Crawl Stone Soup version 0.22-a0-379-ga9d99d6 (webtiles) character file.

42 Falco the Charmwright (level 3, -1/27 HPs)
             Began as a Human Skald on Apr 28, 2018.
             Slain by Sigmund
             ... wielding a +0 scythe
              (2 damage)
             ... on level 2 of the Dungeon.
             The game lasted 00:12:14 (2942 turns).

Falco the Charmwright (Human Skald)                 Turns: 2942, Time: 00:12:15

Health: -1/27      AC:  3    Str: 12    XL:     3   Next: 80%
Magic:  2/6        EV: 12    Int: 13    God:
Gold:   77         SH:  0    Dex: 12    Spells: 1/6 levels left

rFire    . . .     SeeInvis .   a - +1 mace
rCold    . . .     Gourm    .   (no shield)
rNeg     . . .     Faith    .   b - +0 leather armour
rPois    .         Spirit   .   (no helmet)
rElec    .         Reflect  .   (no cloak)
rCorr    .         Harm     .   (no gloves)
MR       .....                  (no boots)
Stlth    +.........             (no amulet)
HPRegen  0.09/turn              (no ring)
MPRegen  0.10/turn              (no ring)

@: infused (expiring)
A: no striking features
a: no special abilities


You were on level 2 of the Dungeon.
You were not hungry.

You visited 1 branch of the dungeon, and saw 2 of its levels.

You collected 77 gold pieces.

Inventory:

Hand Weapons
 a - a +1 mace (weapon)
 k - a +0 dagger of venom
Missiles
 c - 17 sling bullets
 e - 55 stones (quivered)
Armour
 b - a +0 leather armour (worn)
 f - a +0 chain mail
 g - a +0 ring mail
 j - a +0 plate armour
Scrolls
 l - a scroll of enchant weapon
Potions
 h - a potion of flight {unknown}
 i - 2 potions of haste {unknown}
Comestibles
 d - 4 rations


   Skills:
 + Level 2.2 Fighting
 + Level 2.1 Maces & Flails
 + Level 1.7 Armour
 + Level 2.1 Dodging
 + Level 2.1 Spellcasting
 + Level 3.7 Charms


You had one spell level left.
You knew the following spells:

 Your Spells              Type           Power        Failure   Level  Hunger
a - Infusion              Chrm           ##..         7%          1    ##.....
b - Song of Slaying       Chrm           ##......     11%         2    ###....
c - Shroud of Golubria    Chrm/Tloc      #.........   22%         2    ###....


Dungeon Overview and Level Annotations

Branches:
Dungeon (2/15)

Altars:

Annotations:
D:2 Sigmund


Message History

You hit Sigmund.
Sigmund is lightly wounded.
Sigmund barely misses you.
You hit Sigmund.
Sigmund is moderately wounded.
Sigmund mumbles some strange words.
Sigmund flickers and vanishes!
Deactivating autopickup; reactivate with Ctrl-A.
You closely miss something. Something hits you but does no damage.
You miss something.
Your shroud unravels.
Something hits you!
You hit something but do no damage. You barely miss something.
Something hits you.
* * * LOW HITPOINT WARNING * * *
You closely miss something. Something hits you.
* * * LOW HITPOINT WARNING * * *
Your magical infusion is running out.
Something hits you.
You die...

......##.####
.......###..##.#
#.#.##.# #..##)#### ##
#.#.##.# #.........
#.##....#.# #..#.#.###
#...#.#..# #...###...
#.......# #>.#.#>### .
#.#.#..###..##.##
....###@.........######
......{..#..#.#........
...#######..#.#.#.#####
#.....#.#†#.#
#.##.###...## # #.#
##.## #.# #.#
#.####.######
#..†..)......#


There were no monsters in sight!

Vanquished Creatures
  An adder (D:2)
  3 dart slugs (D:1)
  A leopard gecko (D:1)
  A ball python (D:2)
  A bat (D:1)
  3 goblins (D:1)
  6 hobgoblins
  3 kobolds (D:1)
  A quokka (D:2)
  2 frilled lizards (D:1)
  4 rats (D:1)
26 creatures vanquished.

Notes
Turn   | Place    | Note
-------+----------+-------------------------------------------
     0 | D:1      | Falco the Human Skald began the quest for the Orb.
     0 | D:1      | Reached XP level 1. HP: 16/16 MP: 3/3
   583 | D:1      | Reached XP level 2. HP: 22/22 MP: 0/5
   636 | D:1      | Learned a level 2 spell: Song of Slaying
   639 | D:1      | Learned a level 2 spell: Shroud of Golubria
   789 | D:1      | HP: 1/22 [dart slug (1)]
  1685 | D:1      | Reached XP level 3. HP: 22/27 MP: 0/6
  2823 | D:2      | Noticed Sigmund
  2941 | D:2      | HP: 1/27 [something (2)]
  2942 | D:2      | Slain by Sigmund

Vault maps used:
D:1:      tarquinn_simple_flora_water_d
D:2:      zin_treasury, uniq_sigmund

Action                   || total
-------------------------++-------
Melee: Mace              ||    82
 Cast: Infusion          ||    20
       Shroud of Golubri ||     2
  Use: Scroll            ||     5
       Potion            ||     1
  Eat: Ration            ||     2
Armor: Leather armour    ||    27
Dodge: Dodged            ||    45

Table legend:
 A = Spawn XP
 B = Non-spawn XP
 C = Spawn XP percentage of total XP
 D = Spawn monster count
 E = Non-spawn monster count
 F = Spawn count percentage of total count
 G = Total turns spent on level
                    A         B        C        D         E        F      G
               +---------+---------+-------+---------+---------+-------+---------
         Total |       0 |      61 |   0.0 |       0 |      26 |   0.0 |  2942
               +---------+---------+-------+---------+---------+-------+---------
           D:1 |       0 |      42 |   0.0 |       0 |      22 |   0.0 |  2383
           D:2 |       0 |      19 |   0.0 |       0 |       4 |   0.0 |   559
               +---------+---------+-------+---------+---------+-------+---------
